 Dungeon Crawl Stone Soup version 0.28-a0-1199-gef9e1dbd39 (webtiles) character file.

Game seed: 12585114075618791479

81 ytrimaz the Insei (level 4, -3/29 HPs)
             Began as an Octopode Transmuter on Dec 20, 2021.
             Slain by Duvessa (9 damage)
             ... on level 5 of the Dungeon.
             The game lasted 00:02:42 (2819 turns).

ytrimaz the Insei (Octopode Transmuter)             Turns: 2819, Time: 00:02:42

Health: -3/29      AC:  1    Str:  9    XL:     4   Next: 40%
Magic:  3/7        EV: 13    Int: 17    God:
Gold:   81         SH:  0    Dex: 12    Spells: 2/8 levels left

rFire   . . .      SeeInvis .     - Unarmed
rCold   . . .      Faith    .   (no shield)
rNeg    . . .      Spirit   .   (helmet restricted)
rPois   .          Reflect  .   (no amulet)
rElec   .          Harm     .   (no ring)
rCorr   .          Rampage  .   (no ring)
Will    .....                   (no ring)
Stlth   ++........              (no ring)
HPRegen 0.09/turn               (no ring)
MPRegen 0.10/turn               (no ring)
                                (no ring)
                                (no ring)

@: wereblooded, hasted, very quick
A: almost no armour, amphibious, 8 rings, camouflage 1, gelatinous body 1,
(nimble swimmer 1), tentacles
a: no special abilities


You were on level 5 of the Dungeon.
You visited 1 branch of the dungeon, and saw 4 of its levels.

You collected 81 gold pieces.

Inventory:

Scrolls
 c - 2 scrolls of identify


   Skills:
 * Level 1.6 Fighting
 * Level 2.6 Dodging
 + Level 3.5 Unarmed Combat
 * Level 2.5 Spellcasting
 * Level 2.6 Transmutations
 * Level 0.8 Poison Magic


You had 2 spell levels left.
You knew the following spells:

 Your Spells              Type           Power      Damage    Failure   Level
a - Beastly Appendage     Tmut           20%        N/A       6%          1
b - Wereblood             Tmut           10%        N/A       10%         2
c - Spider Form           Tmut/Pois      8%         N/A       26%         3

Your spell library contained the following spells:

 Spells                   Type           Power      Damage    Failure   Level
 Ice Form                 Ice/Tmut       6%         N/A       71%         4


Dungeon Overview and Level Annotations

Branches:
Dungeon (3/15)

Altars:
Kikubaaqudgha

Shops:
D:1 (

Annotations:
D:2 1 runed translucent door, Crazy Yiuf
D:3 Grinder
D:5 Dowan, Duvessa


Innate Abilities, Weirdness & Mutations

You cannot wear most types of armour.
You are amphibious.
You can wear up to eight rings at the same time.
Your skin changes colour to match your surroundings (Stealth+).
Your rubbery body absorbs attacks. (AC +1, EV +1)
((You are camouflaged near water. (Stealth+)))
You have tentacles for arms and can constrict up to eight enemies at once.


Message History

Duvessa is lightly wounded.
You hit Duvessa but do no damage.
Duvessa looks as sick as possible!
Duvessa is moderately wounded.
Duvessa hits you with a +0 rapier!
* * * LOW HITPOINT WARNING * * *
You hit Duvessa but do no damage.
Duvessa looks as sick as possible!
Duvessa is moderately wounded.
Unknown command.
You hit Duvessa but do no damage.
Duvessa looks as sick as possible!
Duvessa is moderately wounded.
Duvessa hits you with a +0 rapier.
* * * LOW HITPOINT WARNING * * *
Unknown command.
You bite Duvessa!
Duvessa looks as sick as possible!
Duvessa is severely wounded.
Duvessa closely misses you.
You hit Duvessa.
Duvessa looks as sick as possible!
Duvessa is severely wounded.
Unknown command.
You hit Duvessa.
Duvessa looks as sick as possible!
Duvessa is severely wounded.
Duvessa misses you.
Dowan gestures wildly while chanting.
Dowan blinks!
You hit Duvessa but do no damage.
Duvessa looks as sick as possible!
Duvessa is severely wounded.
Your transformation has ended.
Duvessa closely misses you.
Unknown command.
You tentacle-slap Duvessa but do no damage.
Your grab misses Duvessa.
Duvessa is severely wounded.
Dowan looks more healthy.
Dowan casts a spell.
Dowan blinks!
Unknown command.
You tentacle-slap Duvessa. Your grab misses Duvessa.
Duvessa is almost dead.
Duvessa hits you with a +0 rapier!
You die...

##.##
ยง.$.
...#
...#
##.e#
...
#.#
#e#
#@#
###


You could see Duvessa (extremely poisoned) and Dowan.

Vanquished Creatures
  2 adders (D:3)
  2 worms (D:2)
  2 dart slugs
  11 endoplasms
  4 goblins
  4 hobgoblins
  4 quokkas
  3 ball pythons (D:2)
  6 bats
  3 frilled lizards (D:1)
  4 kobolds
  5 rats
50 creatures vanquished.

Notes
Turn   | Place    | Note
-------+----------+-------------------------------------------
     0 | D:1      | ytrimaz the Octopode Transmuter began the quest for the
                  | Orb.
     0 | D:1      | Reached XP level 1. HP: 13/13 MP: 3/3
    50 | D:1      | Reached XP level 2. HP: 17/18 MP: 5/5
    55 | D:1      | Found Agerphea's Weapon Shop.
   600 | D:1      | Learned a level 2 spell: Wereblood
   695 | D:1      | Reached XP level 3. HP: 23/23 MP: 4/6
   699 | D:1      | Learned a level 3 spell: Spider Form
  2147 | D:2      | Found a runed translucent door.
  2148 | D:2      | Noticed Crazy Yiuf
  2279 | D:3      | Reached XP level 4. HP: 28/28 MP: 5/7
  2313 | D:3      | Noticed Grinder
  2380 | D:3      | Found an ancient bone altar of Kikubaaqudgha.
  2794 | D:3      | You fall into a shaft and drop 2 floors!
  2794 | D:5      | Entered Level 5 of the Dungeon
  2794 | D:5      | Noticed Duvessa
  2794 | D:5      | Noticed Dowan
  2819 | D:5      | Slain by Duvessa

Illustrated notes

Levels and vault maps discovered:
D:1:      ebering_hopf_link, layout_rooms, serial_shops,
          nicolae_shop_bloodbath_and_beyond, feat_on_display
D:2:      layout_loops_ring, minmay_fountain_box,
          chequers_serial_rivers_micro_e, amethyst_killhole,
          uniq_crazy_yiuf_cottage
D:3:      layout_loops_corners, overflow_temple_1_default, uniq_grinder
D:5:      layout_loops_ring, minmay_temple_entry_fiery, uniq_duvessa

Action                   |  1- 3 |  4- 6 || total
-------------------------+-------+-------++-------
Melee: Unarmed           |    89 |    38 ||   127
       Constrict         |    20 |     4 ||    24
       Kick              |    15 |     2 ||    17
       Tentacles         |    20 |     2 ||    22
       Punch             |     2 |       ||     2
 Cast: Beastly Appendage |    26 |     5 ||    31
       Spider Form       |       |     1 ||     1
       Wereblood         |       |     1 ||     1
  Use: Potion            |     1 |     2 ||     3
       Scroll            |     4 |       ||     4
 Stab: Sleeping          |     8 |     1 ||     9
Armor: Skin              |    10 |       ||    10
Dodge: Dodged            |    55 |    12 ||    67

Table legend: (Time is in decaauts)
 A = Elapsed time spent in this place.
 B = Non-inter-level travel time spent in this place.
 C = Inter-level travel time spent in this place.
 D = Time resting spent in this place.
 E = Time spent auto-exploring this place.
 F = Levels seen in this place.
 G = Mean time per level.
                   A        B        C        D        E       F      G
               +--------+--------+--------+--------+--------+-----+--------+
         Total |   2805 |   2744 |     61 |    231 |   2091 |   4 |  701.2 |
       Dungeon |   2805 |   2744 |     61 |    231 |   2091 |   4 |  701.2 |
               +--------+--------+--------+--------+--------+-----+--------+

Top non-repeatable levels by time:
     D:2: 1210 daAuts
     D:1: 988 daAuts
     D:3: 589 daAuts
     D:5: 17 daAuts
